 Dungeon Crawl Stone Soup version 0.27.1-1-g398f81649c (webtiles) character file.

Game seed: 7313401468376732151

33 chaosape the Fighter (level 3, -8/38 HPs)
             Began as a Gnoll Wanderer on Sept 20, 2021.
             Mangled by Terence (13 damage)
             ... on level 2 of the Dungeon.
             The game lasted 00:06:24 (2993 turns).

chaosape the Fighter (Gnoll Wanderer)               Turns: 2993, Time: 00:06:25

Health: -8/38      AC:  5    Str: 13 (14) XL:     3   Next: 29%
Magic:  4/4        EV:  9    Int:  9 (10) God:
Gold:   43         SH:  8    Dex:  9 (10) Spells: 3/3 levels left

rFire    . . .     SeeInvis .   g - +0 dagger
rCold    . . .     Faith    .   f - +0 kite shield
rNeg     . . .     Spirit   .   j - +0 leather armour
rPois    .         Reflect  .   (no helmet)
rElec    .         Harm     .   (no cloak)
rCorr    .         Rampage  .   k - +0 pair of gloves
Will     .....                  t - +0 pair of boots
Stlth    ++........             (no amulet)
HPRegen  0.12/turn              (no ring)
MPRegen  0.09/turn              (no ring)

@: no status effects
A: fangs 1, strong nose, distributed training
a: no special abilities


You were on level 2 of the Dungeon.
You visited 1 branch of the dungeon, and saw 3 of its levels.

You collected 43 gold pieces.

Inventory:

Hand Weapons
 a - a +0 club
 b - a +0 shortbow
 g - a +0 dagger (weapon)
 q - a +0 hunting sling
Missiles
 c - 33 arrows
 h - 20 sling bullets
Armour
 e - a +0 robe
 f - a +0 kite shield (worn)
 i - a +0 robe
 j - a +0 leather armour (worn)
 k - a +0 pair of gloves (worn)
 o - a +0 plate armour
 t - a +0 pair of boots (worn)
Magical Staves
 l - a staff of conjuration
Jewellery
 r - a ring of protection from fire
Potions
 n - a potion of mutation {unknown}


   Skills:
 + Level 8.5 Fighting
 + Level 2.6 Short Blades
 + Level 0.7 Long Blades
 + Level 0.7 Axes
 + Level 0.7 Maces & Flails
 + Level 0.7 Polearms
 + Level 0.7 Staves
 + Level 0.7 Slings
 + Level 0.7 Bows
 + Level 0.7 Crossbows
 + Level 0.7 Throwing
 + Level 2.6 Armour
 + Level 2.6 Dodging
 + Level 4.1 Stealth
 + Level 2.6 Shields
 + Level 0.7 Unarmed Combat
 + Level 0.7 Spellcasting
 + Level 0.5 Conjurations
 + Level 0.5 Hexes
 + Level 0.5 Summonings
 + Level 0.5 Necromancy
 + Level 0.5 Translocations
 + Level 0.5 Transmutations
 + Level 0.5 Fire Magic
 + Level 0.5 Ice Magic
 + Level 0.5 Air Magic
 + Level 0.5 Earth Magic
 + Level 0.5 Poison Magic
 + Level 0.9 Invocations
 + Level 0.7 Evocations


You had 3 spell levels left.
You didn't know any spells.
Your spell library was empty.

Dungeon Overview and Level Annotations

Branches:
Dungeon (3/15)

Altars:

Annotations:
D:2 Terence


Innate Abilities, Weirdness & Mutations

You have very sharp teeth.
Your uncanny sense of smell can sniff out nearby items.
Your experience applies equally to all skills.


Message History

The worm is almost dead.
You hit the worm.
You kill the worm!
You see here a worm corpse.
You start resting.
Magic restored.
You start resting.
HP restored.
You see here a +0 plate armour.
o - a +0 plate armour
There is a stone staircase leading up here.
You climb upwards.
Level annotation: Terence
There is a stone staircase leading down here.
You hit Terence but do no damage. You block Terence's attack.
You closely miss Terence. Terence hits you with a +0 flail!
You barely miss Terence.
Terence drinks a potion.
Terence goes berserk!
Terence closely misses you. You block Terence's attack.
You climb downwards.
There is a stone staircase leading up here.
Terence hits you but does no damage.
You climb upwards.
There is a stone staircase leading down here.
Terence hits you with a +0 flail! Terence barely misses you.
You climb downwards.
There is a stone staircase leading up here.
You block Terence's attack.
You climb upwards.
There is a stone staircase leading down, spattered with blood here.
You hit Terence.
Terence is lightly wounded.
Terence hits you with a +0 flail! Terence closely misses you.
You feel better. Terence hits you with a +0 flail!
* * * LOW HITPOINT WARNING * * *
Terence barely misses you.
It was a potion of degeneration.
There was something very wrong with that liquid.
You feel weakened.
You feel dopey.
You feel clumsy. Terence hits you with a +0 flail!
You die...

#....#.#...#.##........
#....#.###.#.##'#######
###.#....#.#.#.....#
#.#..#.#.#.#.....####
#.#..#.#.#.#.......).
#.#..#)#.#.##.###....
#.#..#.#...##.# #....
#.#.@#.######.#######
#.#.@................
#.##.#.##.###.####.##
#...)#.##.# #.# #.#
###..#.##.# #.# #.#
#...[)#.###.####.##
##...(.............
######.###......##
#.###########
#............


You could see Terence (berserk).

Vanquished Creatures
  A worm (D:3)
  8 endoplasms
  2 giant cockroaches
  A goblin (D:2)
  3 hobgoblins (D:1)
  3 quokkas
  2 ball pythons (D:1)
  A bat (D:1)
  3 kobolds
  2 rats (D:1)
26 creatures vanquished.

Notes
Turn   | Place    | Note
-------+----------+-------------------------------------------
     0 | D:1      | chaosape the Gnoll Wanderer began the quest for the Orb.
     0 | D:1      | chaosape set off with the following items: a +0 club, a +0
                  | shortbow, 21 arrows, a potion of curing, a +0 robe, a +0
                  | kite shield, a +0 dagger
     0 | D:1      | Reached XP level 1. HP: 26/26 MP: 1/1
   397 | D:1      | Reached XP level 2. HP: 25/33 MP: 2/2
  2028 | D:2      | Reached XP level 3. HP: 33/38 MP: 3/3
  2609 | D:2      | Noticed Terence
  2993 | D:2      | Mangled by Terence

Illustrated notes

Levels and vault maps discovered:
D:1:      dpeg_arrival_lava_temple_mockup, layout_loops_corners,
          minmay_misc_feat_cross, hangedman_decor_peaks_small
D:2:      layout_basic, serial_shops, nicolae_shop_behind_doors, uniq_terence
D:3:      layout_basic, serial_shops, nicolae_shop_behind_doors,
          chequers_ecumenical_altar_simple, uniq_jessica

Action                   || total
-------------------------++-------
Melee: Club              ||    40
       Bite              ||    18
       Dagger            ||   106
  Use: Scroll            ||     3
       Potion            ||     2
 Stab: Sleeping          ||     4
Armor: Robe              ||     4
       Leather armour    ||    37
Dodge: Dodged            ||    64
Block: Kite shield       ||    55
